 Dungeon Crawl Stone Soup version 0.28.0-43-g3370ac3207 (console) character file.

Game seed: 15230277210280521817

4888 Zeor the Thaumaturge (level 10, 0/64 HPs)
             Began as a Djinni Hedge Wizard on Mar 23, 2022.
             Was a Believer of Qazlal.
             Slain by an unseen horror (4 damage)
             ... on level 10 of the Dungeon.
             The game lasted 00:41:49 (9305 turns).

Zeor the Thaumaturge (Djinni Hedge Wizard)          Turns: 9305, Time: 00:41:49

Health: 0/64       AC:  2    Str:  9    XL:     10   Next: 79%
Gold:   515        EV: 23    Int: 20    God:    Qazlal [**....] SH:  3 Dex: 18

rFire   . . .      SeeInvis .     - Unarmed
rCold   . . .      Faith    .   (shield currently unavailable)
rNeg    . . .      Spirit   .   (armour currently unavailable)
rPois   ∞          Reflect  .   (helmet currently unavailable)
rElec   .          Harm     .   (cloak currently unavailable)
rCorr   .          Rampage  .   (gloves currently unavailable)
Will    +....                   (boots unavailable)
Stlth   ++........              t - amulet of regeneration
HPRegen 1.00/turn               (no ring)
MPRegen 0.00/turn               (no ring)

@: spider-form, flying
A: venomous fangs, flying, sickness immunity, tiny, (fire resistance 2), (cold
vulnerability 1), float, innate caster, HP casting, extra vitality 1
a: End Transformation, Renounce Religion, Upheaval


You were on level 10 of the Dungeon.
You worshipped Qazlal.
Qazlal was pleased with you.
You were a venomous arachnid creature.
You visited 2 branches of the dungeon, and saw 11 of its levels.

You collected 515 gold pieces.

Inventory:

Hand Weapons
 a - the +4 falchion "Elam" {speed, rC+ rN+ Stlth-}
   (You found it on level 5 of the Dungeon)

   Attacks with this weapon are significantly faster.
   rC:        It protects you from cold.
   rN:        It protects you from negative energy.
   Stlth:     It makes you less stealthy.
 j - a +2 broad axe of flaming
 q - a +2 dagger of venom
 y - a +3 quarterstaff of chaos
 A - the +4 dire flail of Ucruad {vorpal, Drain rCorr SInv Stlth+}
   (You found it on level 7 of the Dungeon)

   It inflicts extra damage upon your enemies.
   SInv:      It lets you see invisible.
   rCorr:     It protects you from acid and corrosion.
   Drain:     It drains your maximum health when unequipped.
   Stlth:     It makes you more stealthy.
 I - the +2 trident "Ytaor" {flame, Str+8}
   (You found it on level 9 of the Dungeon)

   It burns those it strikes, dealing additional fire damage.
   Str:       It affects your strength (+8).
Missiles
 d - 31 bolts
 w - a throwing net
 E - 108 arrows
 F - a curare-tipped dart
Armour
 c - a +1 hat (melded)
 p - a +2 cloak (melded)
 s - the +1 scale mail of Qazlal's Approval {+Inv rPois}
   (You found it on level 3 of the Dungeon)

   rPois:     It protects you from poison.
   +Inv:      It lets you turn invisible.
 z - +0 swamp dragon scales (melded)
 K - an orb of energy
Magical Staves
 b - a staff of fire (melded)
Jewellery
 t - an amulet of regeneration (around neck)
 x - a ring of ice
 D - a ring of ice
Wands
 f - a wand of acid (8)
 n - a wand of flame (22)
 o - a wand of iceblast (15)
 r - a wand of polymorph (10)
 L - a wand of paralysis (3)
Scrolls
 e - a scroll of fear
 u - 3 scrolls of enchant weapon
 J - a scroll of vulnerability
Potions
 g - a potion of resistance
 h - 3 potions of brilliance
 i - 8 potions of curing
 k - 2 potions of ambrosia
 l - 2 potions of might
 m - a potion of lignification
 v - 2 potions of attraction
 B - a potion of invisibility
 C - 2 potions of cancellation {unknown}
 G - a potion of magic {unknown}
 H - 2 potions of heal wounds


   Skills:
 + Level 2.2 Fighting
 + Level 1.5 Staves
 + Level 2.5 Armour
 * Level 6.1 Dodging
 - Level 2.5 Stealth
 + Level 0.6 Shields
 + Level 1.0 Unarmed Combat
 + Level 9.6 Spellcasting
 * Level 5.4 Invocations


You had 6 spell levels left.
You knew the following spells:

 Your Spells              Type           Power      Damage    Failure   Level
a - Magic Dart            Conj           100%       1d8       1%          1
b - Blink                 Tloc           96%        N/A       2%          2
c - Call Imp              Summ           48%        N/A       2%          2
d - Slow                  Hex            100%       N/A       1%          1
e - Conjure Flame         Conj/Fire      48%        6-21      3%          3
f - Mephitic Cloud        Conj/Pois/Air  48%        N/A       3%          3
g - Foxfire               Conj/Fire      100%       2x1d9     1%          1
h - Searing Ray           Conj           96%        2d7       2%          2
i - Spider Form           Tmut/Pois      48%        N/A       3%          3
j - Olgreb's Toxic Radia  Pois           48%        N/A       6%          4
Your spell library was empty.

Dungeon Overview and Level Annotations

Branches:
Dungeon (10/15)            Temple (1/1) D:4            Lair (0/6) D:8
    Orc: D:9-12

Altars:
Cheibriados
Dithmenos
Fedhas
Gozag
Makhleb
Nemelex Xobeh
Okawaru
Qazlal
Ru
Sif Muna
Vehumet
Wu Jian
Yredelemnul
Zin
The Shining One

Shops:
D:8 [


Innate Abilities, Weirdness & Mutations

You are a venomous arachnid creature.
You have poisonous fangs.
You are tiny and dextrous.
You are flying.
Your spellcasting is less reliable in this form.
Your armour is entirely melded.
You are incapable of wielding weapons or throwing items.
You are immune to sickness and miasma.
You are immune to poison.
((Your flesh is very heat resistant. (rF++)))
((You are vulnerable to cold. (rC-)))
You float through the air rather than walking.
You learn spells naturally, not from books.
Your magical power is your life essence.
You have superior vitality. (+4 MHP)


Message History

Casting: Foxfire (safe; 1% risk of failure)
Confirm with . or Enter, or press ? or * to list all spells.
Okay, then.
Casting: Foxfire (safe; 1% risk of failure)
Confirm with . or Enter, or press ? or * to list all spells.
You feel a surge of power!
The fire begins to smoulder!
Something hits you.
Something smothers the flame.
Casting: Conjure Flame (safe; 1% risk of failure)
Confirm with . or Enter, or press ? or * to list all spells.
You feel a surge of power!
The fire begins to smoulder!
Something hits you. x2
Something hits you.
Something smothers the flame.
Something hits you but does no damage. Something hits you. x2
Something hits you but does no damage.
You hit something. Something hits you but does no damage. Something hits you.
You barely miss something. Something hits you but does no damage.
Something barely misses you. Something hits you but does no damage.
Something hits you.
You closely miss something. Something hits you. Something hits you!
Casting: Conjure Flame (safe; 1% risk of failure)
Confirm with . or Enter, or press ? or * to list all spells.
You turn into a venomous arachnid creature.
Your staff of fire melds into your body.
Your +2 cloak melds into your body.
Your +1 hat melds into your body.
Your +0 swamp dragon scales melds into your body.
Something misses you. Something barely misses you. Something hits you.
You hit something but do no damage. Something hits you. Something hits you!
Something closely misses you. Something closely misses you.
You barely miss something. Something barely misses you. Something hits you!
* * * LOW HITPOINT WARNING * * *
Something hits you!
* * * LOW HITPOINT WARNING * * *
You completely miss something. Something closely misses you.
Something barely misses you. Something hits you.
You die... ?∙∙∙∙[▒ ▒ ∙∙∙∙>∙ ∙∙∙∙∙∙ ∙∙∙∙∙

∙∙∙∙▒ ∙∙∙▒ ▒∙∙∙ ▒▒▒
▒∙∙▒▒▒▒▒▒▒▒∙▒▒▒▒▒▒▒
▒∙∙∙▒∙∙∙∙∙∙∙∙∙∙∙∙∙∙∙∙∙∙
■∙∙∙∙∙∙▒▒▒▒∙∙∙∙∙∙∙∙∙▒
▒∙∙∙∙∙∙∙∙∙∙∙○∙∙∙∙∙∙∙▒▒▒▒▒
▒∙∙∙▒∙▒▒▒▒∙○∙∙s∙∙∙∙∙∙∙∙∙∙
∙∙∙ ∙∙∙ ▒∙▒▒▒▒■▒∙∙∙∙∙∙∙∙
▒ ▒▒▒∙ ▒∙▒ ▒∙▒∙∙∙∙∙∙∙∙ ∙∙
▒∙▒▒▒▒∙∙∙∙∙∙∙∙∙∙ ▒▒
▒∙▒∙∙∙∙∙∙∙∙∙∙▒▒▒
∙∙▒∙▒▒▒▒∙∙!∙∙▒ ∙∙∙
▒▒▒▒∙▒▒▒▒▒▒▒▒ ∙∙∙


■∙∙∙∙∙∙∙∙∙∙∙∙ ∙∙∙∙∙▒▒▒▒∙▒▒▒▒▒▒▒▒▒∙▒ There were no monsters in sight!

Vanquished Creatures
  A death yak (D:8)
  Maggie (D:6)
  A polar bear (D:9)
  A hornet (D:8)
  A shadow (D:9)
  A wyvern (D:9)
  A water moccasin (D:6)
  7 ice beasts
  An orc warrior (D:8)
  A sky beast (D:6)
  A hornet zombie (D:7)
  A necrophage (D:4)
  A wolf (D:9)
  4 ogres
  5 centaurs
  A kobold brigand (D:7)
  4 scorpions
  An electric eel (D:9)
  A bullfrog skeleton (D:7)
  2 jellies
  4 orc priests
  Natasha (twice) (D:3)
  3 iguanas
  4 orc wizards
  2 hell rats (D:8)
  2 centaur simulacra (D:9)
  2 howler monkey zombies
  3 gnolls (D:5)
  2 howler monkey skeletons
  2 adders (D:4)
  2 shadow imps
  7 white imps
  An ufetubus (D:7)
  A worm (D:4)
  A dart slug (D:4)
  22 orcs
  8 ball pythons
  3 bats (D:1)
  2 endoplasms
  2 giant cockroaches (D:1)
  15 goblins
  9 hobgoblins
  8 jackals
  4 kobolds
  6 quokkas
  5 frilled lizards
  5 rats
164 creatures vanquished.

Vanquished Creatures (collateral kills)
  Sigmund (D:2)
  A water moccasin skeleton (D:5)
  An orc priest (D:4)
  Crazy Yiuf (D:2)
  Natasha (D:3)
  Robin (D:2)
  A white imp (D:9)
  A worm (D:2)
  5 orcs
  2 giant cockroaches (D:2)
  2 hobgoblins (D:2)
17 creatures vanquished.

Vanquished Creatures (others)
  103 foxfires
  5 plants (D:7)
108 creatures vanquished.

Grand Total: 289 creatures vanquished

Notes
Turn   | Place    | Note
-------+----------+-------------------------------------------
     0 | D:1      | Zeor the Djinni Hedge Wizard began the quest for the Orb.
     0 | D:1      | Reached XP level 1. HP: 15/15 MP: 0/0
   421 | D:1      | Reached XP level 2. HP: 19/21 MP: 0/0
  1004 | D:1      | Reached skill level 3 in Spellcasting
  1352 | D:1      | Found a faded altar of an unknown god.
  1356 | D:1      | Reached XP level 3. HP: 22/25 MP: 0/0
  1356 | D:1      | Learned a level 1 spell: Foxfire
  1520 | D:2      | Noticed Robin
  1904 | D:2      | Killed Robin
  1905 | D:2      | Reached XP level 4. HP: 15/31 MP: 0/0
  2670 | D:2      | Found a runed translucent door.
  2671 | D:2      | Noticed Crazy Yiuf
  2689 | D:2      | Killed Crazy Yiuf
  2690 | D:2      | Reached skill level 4 in Spellcasting
  3196 | D:2      | Noticed Sigmund
  3207 | D:2      | Reached XP level 5. HP: 20/35 MP: 0/0
  3207 | D:2      | Learned a level 2 spell: Searing Ray
  3220 | D:2      | Killed Sigmund
  3221 | D:2      | Reached XP level 6. HP: 14/40 MP: 0/0
  3631 | D:3      | Reached skill level 5 in Spellcasting
  3763 | D:3      | Noticed Natasha
  3768 | D:3      | Killed Natasha
  4099 | D:3      | Identified the +1 scale mail of Qazlal's Approval {+Inv
                  | rPois}
  4284 | D:3      | Noticed Natasha
  4289 | D:3      | Killed Natasha
  4554 | D:3      | Noticed Natasha
  4570 | D:3      | Killed Natasha
  4571 | D:3      | Reached XP level 7. HP: 15/45 MP: 0/0
  4571 | D:3      | Learned a level 3 spell: Spider Form
  4954 | D:4      | Found a staircase to the Ecumenical Temple.
  4963 | Temple   | Entered the Ecumenical Temple
  4988 | Temple   | Became a worshipper of Qazlal Stormbringer
  5187 | D:4      | Found an iron altar of Okawaru.
  5189 | D:4      | Found a sparkling altar of Nemelex Xobeh.
  5268 | D:4      | Reached skill level 1 in Invocations
  5363 | D:4      | Reached skill level 6 in Spellcasting
  5424 | D:4      | Reached XP level 8. HP: 7/51 MP: 0/0
  5708 | D:5      | Entered Level 5 of the Dungeon
  5929 | D:5      | Reached * piety under Qazlal
  6063 | D:5      | Reached skill level 7 in Spellcasting
  6098 | D:5      | Identified the +4 falchion "Elam" {speed, rC+ rN+ Stlth-}
  6166 | D:5      | Found an opulent altar of Gozag.
  6510 | D:6      | Noticed Maggie
  6569 | D:6      | Reached skill level 1 in Fighting
  6624 | D:6      | Reached skill level 1 in Staves
  6660 | D:6      | Killed Maggie
  6661 | D:6      | Reached XP level 9. HP: 39/57 MP: 0/0
  6661 | D:6      | Learned a level 4 spell: Olgreb's Toxic Radiance
  6856 | D:6      | Found a burning altar of Makhleb.
  6903 | D:6      | Reached skill level 8 in Spellcasting
  7325 | D:7      | Identified the +4 dire flail of Ucruad {vorpal, Drain rCorr
                  | SInv Stlth+}
  7794 | D:7      | Found a blossoming altar of Fedhas.
  7932 | D:7      | Found a basalt altar of Yredelemnul.
  8039 | D:8      | Noticed a hornet
  8044 | D:8      | Killed a hornet
  8045 | D:8      | Reached skill level 1 in Armour
  8045 | D:8      | Reached skill level 5 in Dodging
  8045 | D:8      | Reached XP level 10. HP: 58/64 MP: 0/0
  8067 | D:8      | Reached ** piety under Qazlal
  8074 | D:8      | Noticed a death yak
  8078 | D:8      | Noticed a death yak
  8083 | D:8      | Noticed a death yak
  8090 | D:8      | Found a staircase to the Lair.
  8101 | D:8      | Killed a death yak
  8102 | D:8      | Reached skill level 9 in Spellcasting
  8165 | D:8      | Found a sacrificial altar of Ru.
  8318 | D:8      | Found a glowing silver altar of Zin.
  8360 | D:8      | Found Ekegadogh's Antique Armour Shoppe.
  8434 | D:9      | Identified the +2 trident "Ytaor" {flame, Str+8}
  8521 | D:9      | Reached skill level 5 in Invocations
  8860 | D:9      | Found a shadowy altar of Dithmenos.
  8961 | D:9      | Reached skill level 1 in Unarmed Combat
  9241 | D:10     | Entered Level 10 of the Dungeon
  9304 | D:10     | HP: 3/64 [something (10)]
  9305 | D:10     | Slain by an unseen horror

Illustrated notes

Levels and vault maps discovered:
D:1:      ncdulo_halloftheorcs, layout_loops_ring,
          chequers_ecumenical_altar_lobes, supply_closet_lemuel,
          grunt_decor_fettered
D:2:      layout_basic, uniq_crazy_yiuf_cottage, uniq_sigmund, uniq_robin
D:3:      layout_basic, nicolae_vehumet_radiance, uniq_natasha
D:4:      layout_rooms, nicolae_overflow_squiral,
          minmay_temple_entry_glassed_door, grunt_ministairs_8
D:5:      layout_loops_ring, grunt_gozag_breadcrumbs, chequers_hall_statues_y,
          serial_bayou_pond_d
D:6:      layout_cave_pools, lightli_temple_of_fire, uniq_maggie
D:7:      layout_basic, marbit_many_paths, fedhas_ov_isle_minmay
D:8:      layout_basic, nicolae_ru_sacrificial_ziggurat, zin_statuary,
          lemuel_coloured_pillars_altar, dpeg_lair_monsters, serial_shops,
          nicolae_shop_advertising_works [nicolae_subvault_shop_adworks],
          uniq_grum
D:9:      layout_cave_pools, kennysheep_mini, serial_ice, serial_ice_b,
          serial_ice_a, serial_ice_m, serial_ice_d, serial_ice_f, serial_ice_e,
          serial_ice_o
D:10:     layout_basic, evilmike_ruin_ashenzari
Temple:   compressed_dpeg_circular_temple

Skill      XL: |  1  2  3  4  5  6  7  8  9 10 |
---------------+-------------------------------+-----
Spellcasting   | 3 4 5 6 7 8 9 |  9.6
Stealth        | 2 |  2.5
Invocations    | 1 3 4 5 |  5.4
Dodging        | 4 5 6 |  6.1
Fighting       | 1 2 |  2.2
Staves         | 1 |  1.5
Armour         | 1 2 |  2.5
Unarmed Combat | 1 |  1.0
Shields        | |  0.6

Action                   |  1- 3 |  4- 6 |  7- 9 | 10-12 || total
-------------------------+-------+-------+-------+-------++-------
Melee: Dagger            |     1 |     2 |       |       ||     3
       Quarterstaff      |       |       |    13 |       ||    13
       Unarmed           |       |       |     9 |    21 ||    30
       Staff             |       |       |     5 |    10 ||    15
 Cast: Magic Dart        |    59 |    56 |    36 |     7 ||   158
       Blink             |     1 |     2 |     2 |       ||     5
       Mephitic Cloud    |     4 |     5 |    18 |    11 ||    38
       Call Imp          |     3 |     7 |    10 |     2 ||    22
       Foxfire           |     1 |     6 |    31 |    19 ||    57
       Conjure Flame     |       |     3 |     2 |     2 ||     7
       Searing Ray       |       |     6 |    48 |    16 ||    70
       Slow              |       |     2 |       |       ||     2
       Spider Form       |       |       |     6 |     7 ||    13
       Olgreb's Toxic Ra |       |       |     4 |    11 ||    15
  Use: Scroll            |     3 |     7 |    12 |     2 ||    24
       Potion            |       |       |     2 |       ||     2
 Stab: Confused          |       |       |     3 |     1 ||     4
       Distracted        |       |       |     1 |       ||     1
Armor: Robe              |     1 |     2 |     9 |       ||    12
       Swamp dragon scal |       |       |     7 |    16 ||    23
       Skin              |       |       |       |     2 ||     2
Dodge: Dodged            |    13 |    12 |    75 |    76 ||   176
Block: Other             |       |       |     3 |     8 ||    11
